[Event "GRENKE Chess Classic and Open 2024"]
[Site "Karlsruhe, Germany"]
[Date "2024.04.01"]
[Round "1"]
[White "Carlsen, Magnus"]
[Black "Rapport, Richard"]
[Result "1-0"]
[ECO "C18"]
[WhiteElo "2823"]
[BlackElo "2708"]
[Annotator "rafael"]
[PlyCount "101"]
[EventDate "2024.??.??"]
[TimeControl "2700+10"]

1. e4 e6 2. d4 d5 3. Nc3 Bb4 4. e5 c5 5. a3 Bxc3+ 6. bxc3 Ne7 7. Qg4 Qc7 8. Bd3 Qa5 {Rapport repeats the same variation from his game against Vachier-Lagrave, in which he achieved a good position from the opening.} 9. Bd2 c4 10. Be2 Rg8 11. a4 Nbc6 12. Qh3 {I suggested this move in my analysis of the above-mentioned game, but I thought Rapport's idea was to sacrifice the h-pawn.} (12. Nf3 {was the move played by Vachier-Lagrave.}) ({RR} 12. Nf3 Bd7 13. O-O h6 14. Rfb1 O-O-O 15. Rb5 Qc7 16. Qf4 g5 17. Qxf7 Nf5 18. g4 Rdf8 19. Qh5 Be8 20. Qh3 h5 21. Nxg5 hxg4 22. Bxg4 Qe7 23. f4 Rh8 24. Qg2 Nd8 25. Rbb1 Bg6 26. Rf1 Kb8 {Vachier Lagrave,M (2728)-Rapport,R (2720) Karlsruhe GER 2024 1-0 (70)}) 12... h6 $6 (12... Bd7 {This is a critical move and I had imagined that Rapport would play it.} 13. Qxh7 O-O-O {With the idea of playing f7-f6, with a complicated fight. Black has some compensation for the pawn in the form of better development and chances of attacking White's vulnerable queen.}) 13. Bh5 $146 {[%c_effect h5;square;h5;type;GreatFind;persistent;true] The bishop is placed on an active square, preventing Black from castling queenside and freeing the e2-square for the knight. If Black plays g7-g6, weaknesses on the dark squares are created.} ({RR} 13. Qf3 Bd7 14. Nh3 Rf8 15. Nf4 O-O-O 16. g4 f6 17. exf6 gxf6 18. Nh5 f5 19. Qe3 fxg4 20. Bxg4 e5 21. Bxd7+ Rxd7 22. Qxh6 Qd8 23. dxe5 Nxe5 24. O-O-O N7g6 25. Qe3 Qa5 26. f4 Qxa4 27. Qc5+ Nc6 {Janeczko,J (2282)-Sengupta,D (2497) Warsaw POL 2025 1-0 (41)}) 13... Bd7 14. Ne2 g6 {This move is ultimately a necessary evil, as it's the only way to castle.} (14... O-O-O $2 15. Bxf7) 15. Bg4 $1 {[%c_effect g4;square;g4;type;GreatFind;persistent;true] A curious move. Why didn't Carlsen immediately return the bishop to f3, as the vast majority of humanity would do $2 Playing such subtle moves is one of the many reasons why he is so special.} (15. Bf3 Rh8 {This is forced, since there's no other way to defend the pawn and h6-h5 is a much worse version for Black of what happens in the game. Maybe the point is that White's plan here is not as clear or effective as the possible plan with the bishop on g4.} 16. g4 $5 {[%c_effect g4;square;g4;type;Interesting;persistent;true] with the idea of Qg3 and then h4-h5.}) 15... h5 {White's previous move was designed to provoke this advance.} (15... Rh8 16. Qf3 {This is one difference from the bishop being on g4: White can use the third rank for the queen to go to either to g3 or f3, followed by the advance of the h-pawn.}) 16. Bf3 Nf5 $6 (16... O-O-O {is more accurate, although Black is still suffering after} 17. Bg5 {The dark squares are too vulnerable.}) 17. g4 $1 hxg4 18. Bxg4 O-O-O 19. Bxf5 $1 {[%c_effect f5;square;f5;type;GreatFind;persistent;true] Changing the strategic nature of the position is often difficult in chess, so the moves g4 and now Bxf5 may not be the easiest for many players. By looking at the board objectively, however, we can see that Black has a miserable position strategically: too many weaknesses on the dark squares and no active plan.} exf5 20. Bg5 Rde8 21. Kd2 $1 {[%c_effect d2;square;d2;type;GreatFind;persistent;true] The white king finds a surprisingly safe haven in the middle of the board. White's plan now is relatively simple: place the queen on f3 and advance the h-pawn.} Rh8 22. Qf3 {The bad light-squared bishop in the French Defense is once again one of the reasons for tragedy.} Nd8 $1 {[%c_effect d8;square;d8;type;GreatFind;persistent;true] The only chance is to activate the knight by the placing it on e6.} 23. Bf6 Rh6 24. h4 (24. Nf4 {is a possible alternative.} Ne6 $1 25. Nxe6 $1 (25. Qxd5 {is less clear:} Qc7 $1 {[%c_effect c7;square;c7;type;GreatFind;persistent;true] This is what Black wants: some activity at the cost of a pawn, even though his position is still objectively worse.} (25... Qxd5 {is good for White after} 26. Nxd5 Bc6 27. Ne3 $1 Bxh1 28. Rxh1)) 25... Bxe6 26. h4 Rh5 27. Qd1 $1 {[%c_effect d1;square;d1;type;GreatFind;persistent;true] With the idea of playing Qc1-a3 and torturing Black for a long time on the dark squares.}) 24... Ne6 25. h5 $2 {[%c_effect h5;square;h5;type;Mistake;persistent;true] This sharpens the game, but it isn't the best.} (25. Qe3 Rh5 26. Nf4 Nxf4 27. Qxf4 {with advantage for White, similar to the one we saw after 24.Nf4. It should be pointed out that the rook on h5, although it is protecting the kingside, is shut out from the game.}) 25... g5 $1 26. Rae1 $3 {[%c_effect e1;square;e1;type;Brilliant;persistent;true] This is another very difficult move that it's not easy to understand until we go deeper into the position. This type of move is much more beautiful than a simple combination, which is a pure mathematical question. Here, though, is the true art of chess: moves that can only be understood after much reflection and that involve a hidden idea to prevent an opponent's plan.} (26. Qxf5 $4 {[%c_effect f5;square;f5;type;Blunder;persistent;true] tragically loses the queen after} Nxd4 27. Qxg5 Nf3+) (26. Rag1 $2 g4 27. Qe3 f4 $1 28. Nxf4 Rxf6 $1 29. exf6 Ng5 {In this line we can see the importance of the rook on e1.}) 26... f4 $2 {[%c_effect f4;square;f4;type;Mistake;persistent;true] The position is very difficult to play and it's hard for Black not to make a mistake.} (26... Qxa4 $2 {[%c_effect a4;square;a4;type;Mistake;persistent;true] Taking the pawn on a4 is clearly wrong:} 27. Ra1) (26... Bxa4 $2 27. Qxf5) (26... g4 $2 {[%c_effect g4;square;g4;type;Mistake;persistent;true] In this line we can understand the idea behind Carlsen's previous move.} 27. Qe3 f4 {This no longer works:} 28. Nxf4 Rxf6 29. exf6 Ng5 30. Qxe8+ {Thanks to the rook on e1, White wins two rooks and a pawn—the dangerous passed h-pawn, no less—for the queen. The true art of chess.}) (26... a6 $1 {[%c_effect a6;square;a6;type;GreatFind;persistent;true] This or 26...b6 are the best moves according to the computer. What can I say $2 Chess is not easy. 26...a6 I can understand: now it's possible to capture on a4 in some lines, since there's no more Ra1 capturing on a7. Apart from that, the king can march to a safer place with Kb8-a7. I apologize if that explanation was not convincing. The position remains very complicated and the evaluation is the one we expect (0.00).}) 27. Reg1 $1 {[%c_effect g1;square;g1;type;GreatFind;persistent;true] The pawns on the kingside are too vulnerable.} Rg8 {This loses by force, but it's difficult to make recommendations.} (27... Bxa4 {is the computer suggestion and probably the best practical chance, but after} 28. Ra1 $1 {[%c_effect a1;square;a1;type;GreatFind;persistent;true] Black is tied up.} (28. Bxg5 $2 {[%c_effect g5;square;g5;type;Mistake;persistent;true] is wrong:} Bxc2 $1 29. Kxc2 Qa2+ {with perpetual check.})) 28. Nxf4 $1 Rxf6 $1 {[%c_effect f6;square;f6;type;GreatFind;persistent;true] Rapport is up to the challenge and fights with great resilience.} (28... Nxf4 29. Qxf4 {29.Rxg5 or 29.Bxg5 are also winning.} (29. Rxg5 Rxg5 30. Bxg5 Rxh5 31. Rxh5 Nxh5 32. Qxh5 Be6 33. f4 {Black cannot hold the position for long.}) 29... gxf4 30. Rxg8+ Be8 (30... Kc7 31. Bd8+) 31. Rxe8+ Kd7 32. Re7+ Kc6 33. Rxf7 {with an easy win, since the king is too exposed and White has two dangerous passed pawns.}) 29. exf6 Nxf4 30. h6 $6 {[%c_effect h6;square;h6;type;Inaccuracy;persistent;true] I was surprised by this move, since I expected Carlsen to take on f4. But things are not so easy as I initially thought.} (30. Qxf4 $1 gxf4 31. Rxg8+ Kc7 {Now White must be very accurate.} 32. Rg7 $1 (32. Rf8 {is also good.}) (32. h6 $2 {[%c_effect h6;square;h6;type;Mistake;persistent;true] is tempting... and wrong:} Bf5 33. h7 $2 {[%c_effect h7;square;h7;type;Mistake;persistent;true] Now White even loses $1} (33. Rh5 {is enough for a draw.}) 33... Qxa4 $1 {[%c_effect a4;square;a4;type;GreatFind;persistent;true] Black begins some surprising counterplay and wins the game.} (33... Bxh7 $2 34. Rxh7 {with an easy win.}) 34. h8=Q Qxc2+ 35. Ke1 f3 {with inevitable mate.}) 32... Qxa4 (32... Bf5 33. Rxf7+ Kc6 34. Rc1 $1 {[%c_effect c1;square;c1;type;GreatFind;persistent;true] The c2-pawn is protected and the h- and f-pawns are decisive, for instance:} Qd8 35. h6 Qe8 36. h7) 33. h6 Bf5 34. Rxf7+ Kb6 35. Rc1 Qe8 36. h7 $1 {[%c_effect h7;square;h7;type;GreatFind;persistent;true] with a decisive advantage for White.}) 30... Ne6 $1 31. h7 Rh8 32. Qe3 $1 {[%c_effect e3;square;e3;type;GreatFind;persistent;true] Preparing the sac on g5.} Qd8 $1 33. Rxg5 $1 Nxg5 34. Qxg5 {The queen goes to g7 and Black is paralyzed, but it remains to be seen how White can completely break the resistance.} Kc7 35. Qg7 Be6 36. Re1 $2 {[%c_effect e1;square;e1;type;Mistake;persistent;true] This move surprisingly lets the win slip.} (36. Rh5 $1 {[%c_effect h5;square;h5;type;GreatFind;persistent;true] was the right path for the rook, with the same plan as in the game.}) 36... Kb6 $2 (36... Bf5 $1 {[%c_effect f5;square;f5;type;GreatFind;persistent;true] is the right move:} 37. Qxf7+ Kc6 {Now White is the one who needs to play carefully.} 38. Rg1 Rxh7 39. Rg7 {The game ends in a draw in many possible ways.} Rxg7 (39... Qb8 40. Kc1 $1 Qf4+ 41. Kb2 Rxg7 42. fxg7 Qxf2 43. Qe8+ {with perpetual check.}) 40. fxg7 (40. Qxg7 {is also a draw:} Qd6 41. f7 Qf4+ 42. Ke1 Qe4+ 43. Kf1 Qh1+ {with perpetual check again.}) 40... Qg5+ 41. Ke2 Bh7 42. Qe6+ {with a draw.}) 37. Re5 $1 Qc8 38. f4 {Preparing f4-f5 at the right moment.} a6 39. Kc1 $1 {[%c_effect c1;square;c1;type;GreatFind;persistent;true] It's important to hide the king first.} (39. f5 $2 Bxf5 40. Rxf5 Qxf5 41. Qxh8 Qf4+ {with perpetual check.}) 39... Ka7 40. f5 Bd7 (40... Bxf5 41. Rxf5 Qxf5 42. Qxh8 {Now there is a pawn shelter protecting the king.}) 41. a5 $1 Qf8 42. Kb2 Qc8 43. Rxd5 {White starts collecting the pawns.} Bc6 44. Re5 Bd7 45. Qxf7 Bxf5 46. Rc5 Qe6 47. Qxe6 Bxe6 48. Rc7 Bf5 49. Rg7 $1 {[%c_effect g7;square;g7;type;GreatFind;persistent;true] Even the last moves are pretty.} Bxh7 50. f7 {Preparing Rxh7. If the bishop moves, White can play Rg8. A study-like position.} Bd3 51. cxd3 {A marvelous game.} 1-0

[Event "July 23 Late 2024"]
[Site "Chess.com"]
[Date "2024.07.23"]
[Round "1.1"]
[White "Villa Tornero, Alex"]
[Black "Carlsen, Magnus"]
[Result "0-1"]
[ECO "B10"]
[WhiteElo "2545"]
[BlackElo "3240"]
[PlyCount "110"]
[EventDate "2024.??.??"]
[WhiteTeam "ESP"]
[BlackTeam "NOR"]
[TimeControl "180+1"]
[WhiteClock "0:00:01"]
[BlackClock "0:01:30"]

1. e4 {[%emt 0:00:02] Wojtaszek,Radoslaw} c6 2. Nf3 d5 3. exd5 cxd5 4. Ne5 e6 5. d4 Nc6 6. c3 Bd6 ({RR} 6... Nxe5 7. dxe5 Ne7 8. Nd2 Nc6 9. Nf3 Qc7 10. Bf4 Be7) 7. Nxc6 ({RR} 7. f4 Nge7 8. Bd3 O-O 9. O-O f6 10. Qh5 ({RR} 10. Nxc6 bxc6) 10... Nf5 11. Nxc6 ({RR} 11. g4 fxe5 12. fxe5 ({RR} 12. gxf5 e4) 12... Nxe5 13. dxe5 Bc5+ 14. Kh1 g6 15. Qh3 Nh4) 11... bxc6 12. Nd2 ({RR} 12. Bxf5 exf5) 12... g6 13. Qe2 ({RR} 13. Qh3 e5 14. fxe5 fxe5 15. dxe5 Bxe5) 13... Qc7 14. g4 Ng7 15. Nb3 ({RR} 15. Nf3 Bxf4 16. Bxf4 Qxf4 17. Ne5 Qg5 18. Nxc6 Bd7) 15... Bd7 16. Bd2 ({RR} 16. c4 e5 17. c5 Be7 18. fxe5 fxe5 19. Rxf8+ ({RR} 19. Qxe5 Qxe5 20. dxe5 Rxf1+ 21. Kxf1 Bxg4) 19... Rxf8 20. dxe5 a5 21. a4 Ne6) 16... Rae8 17. Rae1 e5 18. fxe5 fxe5 19. Rxf8+ Kxf8 20. dxe5 Bxe5 21. Qf3+ Kg8 {Sedlak,N (2550)-Wojtaszek,R (2711) Khanty-Mansiysk 2010 CBM 139 [Wojtaszek,Radoslaw] 0-1 (32)} {RR} 22. h3 Ne6 23. Rf1 Rf8 24. Qe2 Rxf1+ 25. Kxf1) ({RR} 7. f4 Nge7 8. Bd3 O-O 9. O-O f6 10. Qh5 Nf5 11. Nf3 g6 12. Qh3 e5 13. fxe5 Nfxd4 14. Qh6 Nxf3+ 15. Rxf3 Nxe5 16. Rg3 Qb6+ 17. Be3 Bc5 18. Bxc5 Qxc5+ 19. Kh1 Ng4 20. Qf4 Nf2+ 21. Kg1 Nxd3+ {Diaz Vasquez,M (2266)-Brenke,A (2349) chess.com INT 2025 0-1 (41)}) 7... bxc6 8. Bd3 Ne7 9. O-O O-O $146 ({RR} 9... Qc7 10. h3 O-O 11. Nd2 f6 12. Nb3 e5 13. c4 e4 14. Be2 Qd8 15. cxd5 Nxd5 16. f3 Bf5 17. Nd2 exf3 18. Bxf3 Bg6 19. Nc4 Bb8 20. Ne3 Bf7 21. Nxd5 cxd5 22. Bg4 Qb6 23. Kh1 Re8 24. b3 {Coicev,M (2153)-Kuzubov,Y (2605) Bucharest ROU 2024 0-1 (46)}) 10. Qh5 g6 11. Qh6 c5 12. Nd2 cxd4 13. cxd4 f6 14. Nf3 a5 15. Bf4 Ba6 16. Bxa6 Nf5 17. Qh3 Rxa6 18. Bxd6 Qxd6 19. g4 Ne7 20. Rae1 g5 21. Qg3 Ng6 22. h4 h6 23. Qxd6 Rxd6 24. Rc1 a4 25. hxg5 hxg5 26. Rc7 Rb6 27. Rb1 Rfb8 28. Rc2 Kf7 29. Nd2 Rb4 30. Nf3 Nf4 31. Kf1 R8b7 32. Ke1 Nd3+ 33. Kd2 Nxb2 34. Ke2 Nc4 35. Rxb4 Rxb4 36. Ne1 Nd6 37. Ke3 Nb5 38. Nd3 Rxd4 39. Rb2 Re4+ 40. Kd2 Nd4 41. Kc3 Rxg4 42. Rb7+ Kg6 43. f3 Nxf3 44. Nf2 Rc4+ 45. Kd3 Ne5+ 46. Ke2 g4 47. a3 g3 48. Nh1 g2 49. Rb8 Rc2+ 50. Kd1 gxh1=Q+ 51. Kxc2 Qe4+ 52. Kb2 Nc4+ 53. Ka1 Qe5+ 54. Ka2 Qxb8 55. Ka1 Qb2# 0-1

[Event "July 23 Late 2024"]
[Site "Chess.com"]
[Date "2024.07.23"]
[Round "2.1"]
[White "Carlsen, Magnus"]
[Black "Baziuk, Vladyslav"]
[Result "1-0"]
[ECO "B22"]
[WhiteElo "3240"]
[BlackElo "2652"]
[PlyCount "111"]
[EventDate "2024.??.??"]
[WhiteTeam "NOR"]
[BlackTeam "UKR"]
[TimeControl "180+1"]
[WhiteClock "0:00:42"]
[BlackClock "0:00:15"]

1. e4 c6 2. c4 d5 3. cxd5 cxd5 4. e5 Nc6 5. d4 Bf5 6. Bd3 Bxd3 7. Qxd3 e6 8. Nf3 Nge7 ({RR} 8... Qb6 9. O-O Rc8 10. a3 Na5 11. Nbd2 Ne7 12. b4 Nc4 13. Ra2 Qa6 14. Rc2 Nxd2 15. Qxd2 h6 16. Bb2 Nc6 17. Rfc1 Be7 18. Qe3 Qa4 19. Nd2 O-O 20. Nb1 a5 21. bxa5 Qxa5 22. Qb3 Qa6 23. Bc3 {Kjoita,T (2062)-Haarr,J (2240) Norway NOR 2025 ½-½ (80)}) 9. O-O Nf5 10. Nc3 Be7 11. g3 $146 ({RR} 11. a3 O-O 12. Bd2 Nh4 13. Nxh4 Bxh4 14. Na4 Be7 15. Rac1 Qd7 16. Nc5 Bxc5 17. Rxc5 Rfc8 18. Rfc1 Ne7 19. b3 Rxc5 20. Rxc5 Rc8 21. Rxc8+ Qxc8 22. g4 Nc6 23. Kg2 a6 24. a4 Qf8 25. Bc3 Qe7 {Agdestein,S (2583)-Wang,Y (2704) Amsterdam 2008 ½-½ (62)}) 11... O-O 12. h4 a6 13. Kg2 Rc8 14. h5 f6 15. exf6 Bxf6 16. Ne2 Qb6 17. Rd1 Nb4 18. Qb3 Qb5 19. Nf4 Rc6 20. Rb1 Nc2 21. Qxb5 axb5 22. Ne2 Rfc8 23. Bf4 h6 24. Rd2 Nb4 25. a3 Na6 26. Ne5 Rc2 27. Rbd1 b4 28. g4 Ne7 29. Nd7 Kf7 30. Nxf6 Kxf6 31. Be5+ Kf7 32. Nf4 bxa3 33. bxa3 Rxd2 34. Rxd2 Nc6 35. Ng6 Nxe5 36. Nxe5+ Ke7 37. Rb2 Rc7 38. a4 Nb8 39. a5 Nd7 40. Kf3 Nxe5+ 41. dxe5 Kd7 42. Rb6 Ke7 43. Ke3 Kd7 44. f4 Rc3+ 45. Kd2 Rc4 46. Rxb7+ Kc6 47. Rxg7 Rxf4 48. a6 Kc5 49. a7 Ra4 50. g5 hxg5 51. h6 Kd4 52. h7 Ra2+ 53. Kc1 Kc3 54. Rc7+ Kd3 55. h8=Q Ra1+ 56. Kb2 1-0

[Event "July 23 Late 2024"]
[Site "Chess.com"]
[Date "2024.07.23"]
[Round "4.1"]
[White "Carlsen, Magnus"]
[Black "Vasquez Schroeder, Rodrigo"]
[Result "1-0"]
[ECO "B50"]
[WhiteElo "3242"]
[BlackElo "2885"]
[PlyCount "85"]
[EventDate "2024.??.??"]
[WhiteTeam "NOR"]
[BlackTeam "CHI"]
[TimeControl "180+1"]
[WhiteClock "0:00:44"]
[BlackClock "0:00:14"]

1. e4 c5 2. Nf3 d6 3. Bc4 Nc6 4. O-O Nf6 5. d3 Bg4 6. h3 Bh5 7. g4 Bg6 8. Nh2 e5 9. Nc3 Be7 10. f4 exf4 11. Bxf4 Nd7 $146 ({RR} 11... h5 12. g5 Nd7 13. h4 Nde5 14. Bb3 Qd7 15. Nd5 O-O-O 16. c3 Qh3 17. Bxe5 dxe5 18. Qe1 f6 19. Rf3 Qd7 20. gxf6 gxf6 21. Qf2 Bf7 22. Rf1 Be6 23. Kh1 Rhg8 24. Rg1 Rxg1+ 25. Qxg1 Bg4 26. Nxg4 {Aronian,L (2742)-Korobov,A (2663) chess.com INT 2023 1-0 (41)}) 12. Qd2 Nde5 13. b3 h6 14. Nd5 Bg5 15. Nf3 Nxf3+ 16. Rxf3 O-O 17. Raf1 Ne5 18. R3f2 a6 19. a4 Rb8 20. a5 Nc6 21. Bxg5 Qxg5 22. Qxg5 hxg5 23. h4 gxh4 24. g5 Rfe8 25. Nf4 Ne5 26. Bd5 Re7 27. Rh2 Bh7 28. Rxh4 g6 29. Kf2 Kg7 30. Rfh1 Bg8 31. Ke3 Nc6 32. Bc4 Nd4 33. R4h2 Re5 34. Rg2 Nc6 35. Ra1 Rbe8 36. Nd5 Rd8 37. Nf6 Nd4 38. c3 Nc6 39. Kf4 Re7 40. Rh2 Rb8 41. Rah1 Rd8 42. Bd5 Rc8 43. Rh7+ 1-0

[Event "July 23 Late 2024"]
[Site "Chess.com"]
[Date "2024.07.23"]
[Round "6.1"]
[White "Carlsen, Magnus"]
[Black "Erigaisi Arjun"]
[Result "1-0"]
[ECO "C77"]
[WhiteElo "3247"]
[BlackElo "3069"]
[PlyCount "57"]
[EventDate "2024.??.??"]
[WhiteTeam "NOR"]
[BlackTeam "IND"]
[TimeControl "180+1"]
[WhiteClock "0:02:00"]
[BlackClock "0:00:50"]

1. e4 e5 2. Nf3 Nc6 3. Bb5 a6 4. Ba4 Nf6 5. d3 d6 6. c3 g6 7. O-O Bg7 8. Re1 O-O 9. Nbd2 Re8 10. h3 h6 ({RR} 10... b5 11. Bc2 Bb7 12. d4 Nb8 13. Rb1 Nbd7 14. d5 c6 15. c4 Qc7 16. b3 Bh6 17. Nf1 Bxc1 18. Rxc1 bxc4 19. bxc4 Nc5 20. N3h2 Bc8 21. Qf3 Qe7 22. dxc6 Be6 23. Ne3 Nh5 24. Nd5 Qg5 25. Rb1 {Morozevich,A (2765)-Ivanchuk,V (2751) Nice 2008 1-0 (50)}) 11. Nf1 b5 12. Bc2 Rb8 $146 ({RR} 12... Bb7 13. Ng3 Nb8 14. d4 Nbd7 15. a4 c5 16. d5 c4 17. Be3 Qc7 18. Qd2 Kh7 19. Reb1 Nc5 20. Qe2 Nfd7 21. Nd2 Nb6 22. axb5 axb5 23. b3 cxb3 24. Bxb3 Ba6 25. Qd1 Rec8 26. Ra3 Bb7 27. Rba1 {Abrahamyan,T (2324)-Andersen,M (2479) Reykjavik 2016 ½-½ (44)}) ({RR} 12... d5 13. exd5 Nxd5 14. Bd2 Bb7 15. Qc1 Kh7 16. Ng3 b4 17. Ne4 Bf8 18. Bb3 Na5 19. Ba4 Bc6 20. cxb4 Bxa4 21. bxa5 Bb5 22. Nc5 Qd6 23. b4 Bg7 24. a4 Bc6 25. Qc4 Nf6 26. Rac1 Bd5 27. Qh4 {Zheng,H (2248)-Smietanska,W (2157) Krakow POL 2025 1-0 (96)}) ({RR} 12... d5 13. a4 Be6 14. Ng3 b4 15. a5 dxe4 16. Nxe4 Nxe4 17. dxe4 Qxd1 18. Bxd1 bxc3 19. bxc3 Red8 20. Be2 Ne7 21. Be3 Nc8 22. Nd2 Nd6 23. f3 Nb5 24. Rec1 Bf8 25. Kf2 f5 26. Ke1 f4 27. Bf2 {Carlsen,M (2847)-Muzychuk,A (2535) chess24.com INT 2021 1-0 (38)}) 13. d4 exd4 14. cxd4 Nb4 15. Bb1 c5 16. d5 a5 17. a3 Na6 18. a4 bxa4 19. Qxa4 Rb4 20. Qxa5 Qxa5 21. Rxa5 Nxe4 22. Bd2 f5 23. Bxb4 Nxb4 24. N1d2 Bxb2 25. Bxe4 fxe4 26. Rxe4 Rf8 27. Nc4 Bg7 28. Nxd6 Bf5 29. Nxf5 1-0

[Event "July 23 Late 2024"]
[Site "Chess.com"]
[Date "2024.07.23"]
[Round "7.1"]
[White "Bortnyk, Olexandr"]
[Black "Carlsen, Magnus"]
[Result "1-0"]
[ECO "B21"]
[WhiteElo "3037"]
[BlackElo "3251"]
[PlyCount "179"]
[EventDate "2024.??.??"]
[WhiteTeam "UKR"]
[BlackTeam "NOR"]
[TimeControl "180+1"]
[WhiteClock "0:00:07"]
[BlackClock "0:00:06"]

1. e4 c5 2. Be2 Nc6 3. f4 d5 4. d3 Nd4 5. Nf3 Nxe2 6. Qxe2 e6 7. Nc3 Ne7 8. O-O d4 9. Nd1 Nc6 $146 ({RR} 9... g6 10. Nf2 Bg7 11. g4 h5 12. gxh5 Rxh5 13. Kh1 Bd7 14. Ng4 Qc7 15. Nfe5 Rh7 16. Bd2 f6 17. Nxd7 Qxd7 18. Rae1 O-O-O 19. b4 Rdh8 20. bxc5 f5 21. Ne5 Bxe5 22. fxe5 Rxh2+ 23. Qxh2 Rxh2+ 24. Kxh2 {Kolzenburg,J (1671)-Fieberg,S (2180) Playchess.com INT 2020 0-1 (44)}) 10. Nf2 Be7 11. g4 f5 12. Kh1 O-O 13. Rg1 b6 14. Bd2 Bb7 15. exf5 exf5 16. gxf5 Qd5 17. Ne4 Rxf5 18. Rg3 Raf8 19. Rag1 g6 20. Qg2 Qf7 21. h4 Rh5 22. Kh2 Nd8 23. Rg4 Qf5 24. Qh3 Bc8 25. Ne5 Kh8 26. Be1 Ne6 27. Ng3 Nxf4 28. Nxf5 Nxh3 29. Nxe7 Nxg1 30. N5xg6+ hxg6 31. Nxg6+ Kg7 32. Rxg1 Re8 33. Nf4+ Kh6 34. Nxh5 Kxh5 35. Rg5+ Kh6 36. Bd2 Kh7 37. Rg2 Bb7 38. Rf2 Kg6 39. Bg5 Bd5 40. a3 Re6 41. Kg3 c4 42. dxc4 Bxc4 43. Rd2 Re4 44. Kf3 Bd5 45. Kg3 Kh5 46. c3 Rg4+ 47. Kh2 dxc3 48. bxc3 Bc6 49. Rd6 Rc4 50. Kg3 Rxc3+ 51. Kf4 Rc4+ 52. Kf5 Be4+ 53. Ke5 Bc2 54. Rh6+ Kg4 55. Rh8 Ra4 56. Be7 Re4+ 57. Kd6 Rd4+ 58. Kc7 Rc4+ 59. Kb7 Ra4 60. Rg8+ Kh3 61. h5 Be4+ 62. Kc7 Ra5 63. h6 Rh5 64. Bg5 Kg4 65. Bc1+ Kf3 66. Kb8 a5 67. Ka7 b5 68. Rb8 b4 69. axb4 axb4 70. Rxb4 Bd3 71. Rf4+ Ke2 72. Rf6 Rc5 73. Bf4 Rb5 74. Rd6 Kf3 75. Rxd3+ Kxf4 76. Rh3 Ra5+ 77. Kb7 Rb5+ 78. Kc7 Rc5+ 79. Kd7 Rd5+ 80. Ke7 Re5+ 81. Kf7 Rf5+ 82. Kg7 Rg5+ 83. Kf6 Rf5+ 84. Ke6 Re5+ 85. Kf7 Rf5+ 86. Ke7 Re5+ 87. Kd6 Re8 88. h7 Rh8 89. Ke6 Kg5 90. Kf7 1-0